 Dungeon Crawl Stone Soup version 0.17-a0-377-gdd46233 (console) character file.

70 hhkb the Twirler (level 4, -5/36 HPs)
             Began as a Ghoul Gladiator on Apr 2, 2015.
             Killed by divine providence
             ... invoked by an orc priest
              (9 damage)
             ... on level 3 of the Dungeon.
             The game lasted 00:05:10 (1753 turns).

hhkb the Twirler (Ghoul Gladiator)                  Turns: 1753, Time: 00:05:10

Health: -5/36      AC:  6    Str: 18    XL:     4   Next: 21%
Magic:  3/3        EV: 12    Int:  4    God:
Gold:   129        SH:  0    Dex:  9    Spells: 0 memorised, 3 levels left

rFire  . . .     SeeInvis .     a - +0 quarterstaff
rCold  + + .     Clarity  .     b - +1 leather armour
rNeg   + + +     SustAb   .     (no shield)
rPois  ∞         Gourm    .     o - +2 hat
rElec  .         Spirit   .     (no cloak)
rCorr  .         Warding  .     (no gloves)
rMut   .         Stasis   .     (no boots)
MR     .....                    (no amulet)
Stlth  +.........               (no ring)
                                j - ring of protection from cold {rC+, !d}

@: rotting, not resistant to hostile enchantments, very unstealthy
A: rotting body, claws 1, carnivore 3, cold resistance 1, negative energy
resistance 3, slow healing 1, torment resistance, unbreathing
a: no special abilities


You were on level 3 of the Dungeon.
You were not hungry.

You visited 1 branch of the dungeon, and saw 3 of its levels.

You collected 129 gold pieces.

Inventory:

Hand weapons
 a - a +0 quarterstaff (weapon)
Missiles
 d - 3 throwing nets {=f, !d}
 g - 101 stones (quivered)
Armour
 b - a +1 leather armour (worn)
 c - a +0 helmet
 o - a +2 hat (worn)
   (You found it on level 2 of the Dungeon)
Jewellery
 j - a ring of protection from cold (left claw) {rC+, !d}
   (You found it on level 1 of the Dungeon)
Scrolls
 e - a scroll of recharging {unknown}
 h - a scroll of enchant armour
 i - a scroll of fear {unknown}
 m - a scroll of fog {unknown}
 p - a scroll of enchant weapon {unknown}
 r - a scroll of magic mapping {unknown}
Potions
 k - a potion of flight {unknown}
 n - 3 potions of restore abilities
 s - a potion of agility {unknown}
Comestibles
 f - 5 meat rations {@e2}


   Skills:
 - Level 2.1 Fighting
 + Level 4.4 Staves
 - Level 1.7 Throwing
 - Level 2.6 Dodging


You had 3 spell levels left.
You didn't know any spells.

Dungeon Overview and Level Annotations

Branches:
Dungeon (3/15)

Altars:


Innate Abilities, Weirdness & Mutations

Your body is rotting away.
You thrive on raw meat.
You are immune to poison.
You have sharp fingernails.
You are carnivorous and can eat meat at any time.
Your flesh is cold resistant.
You are immune to negative energy.
You heal slowly when monsters are visible.
You are immune to unholy pain and torment.
You can survive without breathing.


Message History

A jackal is nearby!
A jackal is nearby!
A jackal is nearby!
The jackal closely misses you.
You sock the jackal!
You kill the jackal!
No target in view!
A jackal comes into view.
The jackal bites you but does no damage.
You closely miss the jackal.
The jackal bites you but does no damage.
You closely miss the jackal. The jackal bites you. The jackal bites you.
You take 3 damage, and have 33/36 hp.
You hit the jackal.
You kill the jackal!
No target in view!
You may need something to eat soon, looking for food.
Can't find anything matching that.
Sorry, you're not good enough to have a special ability.
You see here a spear.
An orc wizard comes into view. It is wielding a dagger.
The orc wizard shouts!
Found a stone staircase leading down.
Health restored: 36 An orc wizard is nearby!
An orc wizard is nearby!
An orc wizard is nearby!
The orc wizard hits you but does no damage.
You closely miss the orc wizard.
The orc wizard hits you but does no damage.
You closely miss the orc wizard. The orc wizard casts a spell at you.
You feel yourself slow down. The orc wizard closely misses you.
An orc comes into view. It is wielding a mace.
You barely miss the orc wizard.
The orc shouts!
The orc wizard closely misses you.
You barely miss the orc wizard.
The orc wizard hits you but does no damage.
The orc wizard closely misses you.
An orc priest comes into view. It is wielding a flail.
The orc priest shouts!
You hit the orc wizard.
The orc priest invokes the aid of Beogh against you.
Something smites you!
The orc wizard hits you but does no damage.
The orc wizard barely misses you.
You take 10 damage, and have 26/36 hp.
MASSIVE DAMAGE!!
You barely miss the orc wizard.
The orc priest calls down the wrath of Beogh upon you.
Something smites you! The orc wizard casts a spell at you.
You resist with some effort.
An orc priest comes into view. It is wielding a hand axe.
You take 12 damage, and have 14/36 hp.
MASSIVE DAMAGE!!
The orc wizard mumbles some strange words.
The orc wizard blinks!
The orc hits you with a mace.
* * * LOW HITPOINT WARNING * * *
You take 4 damage, and have 10/36 hp.
The orc wizard misses you.
The orc wizard gestures wildly while chanting.
The orc wizard blinks!
The orc priest glows brightly for a moment.
The orc hits you with a mace.
* * * LOW HITPOINT WARNING * * *
You take 1 damage, and have 9/36 hp.
An orc comes into view. It is wielding a flail.
The orc shouts!
You hear a shout!
An orc comes into view. It is wielding a club.
The orc hits you with a mace.
* * * LOW HITPOINT WARNING * * *
An orc comes into view. It is wielding a dagger.
You take 2 damage, and have 7/36 hp.
The orc hits you with a flail.
* * * LOW HITPOINT WARNING * * *
You take 4 damage, and have 3/36 hp.
The orc closely misses you. The orc hits you with a flail.
* * * LOW HITPOINT WARNING * * *
You feel yourself speed up.
Eat a chunk of flesh {@w0}? (ye/n/q/i?) This raw flesh tastes great!
The orc completely misses you.
You continue eating. x2
The orc hits you with a flail.
* * * LOW HITPOINT WARNING * * *
Eat which item? (? for menu, Esc to quit)
You can't eat that!
Read which item? (? for menu, Esc to quit)
Okay, then.
Read which item? (? for menu, Esc to quit)
As you read the scroll labeled INOZ POUCS, it crumbles to dust.
It is a scroll of enchant armour.
Enchant which item? (? for menu, Esc to quit)
Your +0 leather armour glows green for a moment.
The orc priest mumbles some strange prayers to Beogh against you.
Something smites you!
You die...

#### ###o.#
#####.o..##
###.@oo.##..####
#...#######o.oo#
#.###.## ####o#
# ##.##...##
#.## #
#........# #oo##
# ####.....#
##.o#### ##...##
..##.o..#
##...##
..#####.. ###..#
#..# ##..#


You could see an orc priest and 3 orcs.

Vanquished Creatures
  4 adders
  2 oozes (D:1)
  A giant cockroach (D:1)
  7 hobgoblins
  3 kobolds
  2 ball pythons
  4 bats
  3 giant newts
  4 goblins
  2 jackals (D:3)
  3 rats
35 creatures vanquished.

Notes
Turn   | Place    | Note
--------------------------------------------------------------
     0 | D:1      | hhkb, the Ghoul Gladiator, began the quest for the Orb.
     0 | D:1      | Reached XP level 1. HP: 17/17 MP: 0/0
   112 | D:1      | Reached skill level 3 in Staves
   370 | D:1      | Reached XP level 2. HP: 24/24 MP: 1/1
  1054 | D:2      | Reached XP level 3. HP: 21/29 MP: 2/2
  1111 | D:2      | HP: 7/29 [adder (3)]
  1164 | D:2      | Reached skill level 4 in Staves
  1373 | D:2      | Reached XP level 4. HP: 34/36 MP: 3/3
  1731 | D:3      | HP: 9/36 [orc/mace (1)]
  1735 | D:3      | HP: 3/36 [orc/flail (4)]
  1743 | D:3      | HP: 4/36 [orc/flail (4)]
  1753 | D:3      | Killed from afar by an orc priest

Action                   |  1- 3 |  4- 6 || total
-------------------------+-------+-------++-------
Melee: Quarterstaff      |   117 |    24 ||   141
Throw: Stone             |     8 |     1 ||     9
  Use: Scroll            |       |     3 ||     3
  Eat: Chunk             |    10 |     2 ||    12

Vault maps used:
D:1:      minmay_arrival_diagonal_passages
D:3:      led_xom_imps, led_sif_pool

Table legend:
 A = Turns spent in this place as a percentage of turns spent in the entire game.
 B = Non-inter-level travel turns spent in this place as a percentage of non-inter-level travel turns spent in the entire game.
 C = Inter-level travel turns spent in this place as a percentage of turns spent in this place.
 D = Turns resting spent in this place as a percentage of non-inter-level travel turns spent in this place.
 E = Turns spent auto-exploring this place as a percentage of non-inter-level travel turns spent in this place.
 F = Non-inter-level travel turns spent in this place divided by the number of levels of this place that you've seen.
                   A       B       C       D       E      F
               +-------+-------+-------+-------+-------+----------------------
         Total | 100.0 | 100.0 |   1.2 |   0.3 |   6.9 | 294.0
       Dungeon | 100.0 | 100.0 |   1.2 |   0.3 |   6.9 | 294.0
               +-------+-------+-------+-------+-------+----------------------

Table legend:
 A = Kills in this place as a percentage of kills in entire the game.
 B = Kills by you in this place as a percentage of kills by you in the entire game.
 C = Kills by friends in this place as a percentage of kills by friends in the entire game.
 D = Other kills in this place as a percentage of other kills in the entire game.
 E = Experience gained in this place as a percentage of experience gained in the entire game.
 F = Experience gained in this place divided by the number of levels of this place that you have seen.
                   A       B       C       D       E      F
               +-------+-------+-------+-------+-------+----------------------
         Total | 100.0 | 100.0 |  -nan |  -nan | 100.0 |  33.3
       Dungeon | 100.0 | 100.0 |  -nan |  -nan | 100.0 |  33.3
               +-------+-------+-------+-------+-------+----------------------
